 Dungeon Crawl Stone Soup version 0.22.1-2-g9c5b331383 (webtiles) character file.

60 McIrco the Ducker (level 3, 0/18 HPs)
             Began as a Spriggan Warper on Jan 5, 2019.
             Succumbed to an adder's poison
             ... on level 2 of the Dungeon.
             The game lasted 00:04:05 (1524 turns).

McIrco the Ducker (Spriggan Warper)                 Turns: 1524, Time: 00:04:05

Health: 0/18       AC:  2    Str:  7    XL:     3   Next: 82%
Magic:  7/8        EV: 20    Int: 14    God:
Gold:   106        SH:  0    Dex: 16    Spells: 0/8 levels left

rFire    . . .     SeeInvis +   a - +0 short sword
rCold    . . .     Gourm    .   (shield restricted)
rNeg     . . .     Faith    .   b - +0 robe
rPois    .         Spirit   .   (helmet restricted)
rElec    .         Reflect  .   (no cloak)
rCorr    .         Harm     .   (gloves unavailable)
MR       .....                  (boots unavailable)
Stlth    ++........             (no amulet)
HPRegen  0.06/turn              (no ring)
MPRegen  0.11/turn              (no ring)

@: lethally poisoned (0 -> -5), very quick
A: very small, unfitting armour, see invisible, herbivore, speed 3, slow
metabolism 2
a: no special abilities


You were on level 2 of the Dungeon.
You were not hungry.

You visited 1 branch of the dungeon, and saw 2 of its levels.

You collected 106 gold pieces.

Inventory:

Hand Weapons
 a - a +0 short sword (weapon)
Missiles
 e - 5 tomahawks of dispersal (quivered)
Armour
 b - a +0 robe (worn)
Scrolls
 d - a scroll of blinking
 g - a scroll of magic mapping {unknown}
 h - 2 scrolls of identify {unknown}
 i - a scroll of enchant weapon {unknown}
 k - a scroll of amnesia {unknown}
Potions
 c - a potion of magic {unknown}
 j - a potion of flight {unknown}
Comestibles
 f - 3 rations


   Skills:
 + Level 1.8 Fighting
 + Level 2.9 Short Blades
 + Level 1.0 Throwing
 + Level 4.5 Dodging
 * Level 2.1 Stealth
 + Level 3.3 Spellcasting
 + Level 4.4 Translocations


You couldn't memorise any spells.
You knew the following spells:

 Your Spells              Type           Power        Failure   Level  Hunger
a - Blink                 Tloc           N/A          4%          2    ##.....
b - Gell's Gravitas       Tloc           ##........   10%         3    ###....
c - Lesser Beckoning      Tloc           ##........   10%         3    ###....

Your spell library contained the following spells:

 Spells                   Type           Power        Failure   Level  Hunger
 Teleport Other           Tloc           ##......     10%         3    ###....
 Shroud of Golubria       Chrm/Tloc      #.........   13%         2    ##.....
 Passage of Golubria      Tloc           N/A          32%         4    #####..


Dungeon Overview and Level Annotations

Branches:
Dungeon (2/15)

Altars:


Innate Abilities, Weirdness & Mutations

You are very small and have problems with some larger weapons.
You are too small for most types of armour.
You have supernaturally acute eyesight. (SInv)
You are a herbivore.
You cover ground extremely quickly.
You need to consume almost no food.


Message History

You closely miss the adder.
The adder is moderately wounded.
The adder bites you but does no damage.
You barely miss the adder.
The adder is moderately wounded.
You feel sick. The adder closely misses you. x2
You hit the adder but do no damage.
The adder is moderately wounded.
The adder bites you.
* * * LOW HITPOINT WARNING * * *
You closely miss the adder.
The adder is lightly wounded.
* * * LOW HITPOINT WARNING * * *
You feel sick. The adder closely misses you.
You barely miss the adder.
The adder is lightly wounded.
The adder closely misses you.
You hit the adder.
The adder is heavily wounded.
You die...

#... ... ..# .$.
#.# #.#.# #.#.# #.
#@#.# #.#####S#.# #
#.#....r#.#
#.#.#.#.#.#.#
#.#.#.#.#.#.#.####
#.................
##.#.#.#.#.........
#<.....#.#......#..
##.#.#.#.###.#..#


You could see an adder and a rat.

Vanquished Creatures
  3 adders (D:2)
  A dart slug (D:1)
  5 bats (D:1)
  7 goblins (D:1)
  2 hobgoblins (D:1)
  2 kobolds (D:1)
  4 frilled lizards (D:1)
  10 rats (D:1)
34 creatures vanquished.

Notes
Turn   | Place    | Note
-------+----------+-------------------------------------------
     0 | D:1      | McIrco the Spriggan Warper began the quest for the Orb.
     0 | D:1      | Reached XP level 1. HP: 10/10 MP: 5/5
    82 | D:1      | Reached XP level 2. HP: 11/15 MP: 7/7
   386 | D:1      | Reached skill level 1 in Stealth
   700 | D:1      | Reached XP level 3. HP: 16/18 MP: 8/8
   713 | D:1      | Learned a level 2 spell: Blink
   717 | D:1      | Learned a level 3 spell: Gell's Gravitas
   721 | D:1      | Learned a level 3 spell: Lesser Beckoning
  1524 | D:2      | Succumbed to an adder's poison

Skill      XL: |  1  2  3 |
---------------+----------+-----
Spellcasting   | 3 |  3.3
Dodging        | 4 |  4.5
Stealth        | 1 2 |  2.1
Fighting       | |  1.8
Short Blades   | |  2.9
Throwing       | |  1.0
Translocations | |  4.4

Action                   || total
-------------------------++-------
Melee: Short sword       ||   143
 Cast: Gell's Gravitas   ||     5
       Lesser Beckoning  ||     1
 Stab: Sleeping          ||     5
Armor: Robe              ||    26
Dodge: Dodged            ||   158
